 Dungeon Crawl Stone Soup version 0.31-a0-851-g7ff8af7976 (webtiles) character file.

Game seed: 16324304795891763975

38 Nedwor the Cutter (level 3, -1/28 HPs)
             Began as a Demonspawn Gladiator on Oct 6, 2023.
             Slain by Terence
             ... wielding a +0 hand axe
              (3 damage)
             ... on level 2 of the Dungeon.
             The game lasted 00:01:24 (1393 turns).

Nedwor the Cutter (Demonspawn Gladiator)            Turns: 1393, Time: 00:01:25

Health: -1/28      AC:  6    Str: 20    XL:     3   Next: 25%
Magic:  3/3        EV: 12    Int:  9    God:
Gold:   41         SH:  0    Dex: 16    Spells: 2/2 levels left

rFire   . . .        a - +0 rapier
rCold   . . .        (no shield)
rNeg    . . .        b - +0 leather armour
rPois   .            c - +0 helmet
rElec   .            h - +1 cloak
rCorr   .            (no gloves)
SInv    .            (no boots)
Will    .....        (no amulet)
Stlth   +            i - +6 ring of strength
HPRegen 0.24/turn    l - ring of flight
MPRegen 0.08/turn

%: no passive effects
@: flying
A: powered by death 1
a: no special abilities


You were on level 2 of the Dungeon.
You visited 1 branch of the dungeon, and saw 2 of its levels.

You collected 41 gold pieces.

Inventory:

Hand Weapons
 a - a +0 rapier (weapon)
Missiles
 d - 3 throwing nets (quivered)
 e - 7 javelins
Armour
 b - a +0 leather armour (worn)
 c - a +0 helmet (worn)
 h - a +1 cloak (worn)
Jewellery
 i - a +6 ring of strength (left hand)
 l - a ring of flight (right hand)
Scrolls
 f - a scroll of amnesia
 g - a scroll of silence


   Skills:
 + Level 2.4 Fighting
 * Level 3.4 Short Blades
 - Level 1.7 Throwing
 + Level 3.0 Dodging


You had 2 spell levels left.
You didn't know any spells.
Your spell library contained the following spells:

 Spells                   Type           Power      Damage    Failure   Level
 Lesser Beckoning         Tloc           0%         N/A       58%         2
 Gell's Gravitas          Tloc           0%         N/A       82%         3
 Teleport Other           Tloc           0%         N/A       82%         3


Dungeon Overview and Level Annotations

Branches:
Dungeon (2/15)

Altars:

Annotations:
D:2 Terence


Innate Abilities, Weirdness & Mutations

You regenerate a little health from kills.


Message History

You barely miss Terence. Terence hits you but does no damage.
You barely miss Terence. Terence hits you with a +0 hand axe!
You are too injured to fight recklessly!
You are too injured to fight recklessly!
You are too injured to fight recklessly!
You are too injured to fight recklessly!
You are too injured to fight recklessly!
You are too injured to fight recklessly!
You are too injured to fight recklessly!
You are too injured to fight recklessly!
You are too injured to fight recklessly!
You are too injured to fight recklessly!
You are too injured to fight recklessly!
You are too injured to fight recklessly!
Terence is nearby!
You hit Terence.
Terence is lightly wounded.
Terence hits you with a +0 hand axe.
You hit Terence but do no damage.
Terence is lightly wounded.
Terence barely misses you.
You hit Terence but do no damage.
Terence is lightly wounded.
Terence barely misses you.
You hit Terence.
Terence is lightly wounded.
Terence hits you with a +0 hand axe.
* * * LOW HITPOINT WARNING * * *
You hit Terence but do no damage.
Terence is lightly wounded.
Terence asks, "Do you want it fast or slow?"
Terence hits you with a +0 hand axe.
* * * LOW HITPOINT WARNING * * *
You hit Terence.
Terence is moderately wounded.
Terence misses you.
You hit Terence.
Terence is heavily wounded.
Terence hits you with a +0 hand axe.
You die...

###'### ..
####.###....
#...†.......
#.##.####.##
#.#.......#
#.#..######
#..........
#######(.........
#....@@..........
#.######.........
#......!..
..........
..........
...........
.....#####


You could see Terence.

Vanquished Creatures
  A gnoll (D:1)
  2 endoplasms (D:2)
  3 giant cockroaches
  3 goblins
  5 hobgoblins
  2 ball pythons
  A bat (D:1)
  3 frilled lizards
  3 kobolds (D:1)
  3 rats
26 creatures vanquished.

Notes
Turn   | Place    | Note
-------+----------+-------------------------------------------
     0 | D:1      | Nedwor the Demonspawn Gladiator began the quest for the
                  | Orb.
     0 | D:1      | Reached XP level 1. HP: 16/16 MP: 1/1
   169 | D:2      | Gained mutation: You regenerate a little health from kills.
                  | [demonic ancestry]
   169 | D:2      | Reached XP level 2. HP: 22/22 MP: 2/2
   548 | D:1      | Found a faded altar of an unknown god.
   577 | D:1      | Reached XP level 3. HP: 7/28 MP: 3/3
  1380 | D:2      | Noticed Terence
  1393 | D:2      | Slain by Terence

Illustrated notes

Levels and vault maps discovered:
D:1:      tarquinn_simple_flora_water_b, layout_basic,
          dreamdust_ecumenical_altar_hidden_monk_grotto
D:2:      layout_basic, serial_shops, nicolae_shop_bloodbath_and_beyond,
          uniq_terence

Skill      XL: |  1  2 |
---------------+-------+-----
Short Blades   | 3 |  3.4
Dodging        | 3 |  3.0
Fighting       | |  2.4
Throwing       | |  1.7

Action                     || total
---------------------------++-------
  Melee: Rapier            ||    81
         Punch             ||     1
    Use: Scroll            ||     5
 Armour: Leather armour    ||    35
  Dodge: Dodged            ||    39

Table legend: (Time is in decaauts)
 A = Elapsed time spent in this place.
 B = Non-inter-level travel time spent in this place.
 C = Inter-level travel time spent in this place.
 D = Time resting spent in this place.
 E = Time spent auto-exploring this place.
 F = Levels seen in this place.
 G = Mean time per level.
                   A        B        C        D        E       F      G
               +--------+--------+--------+--------+--------+-----+--------+
         Total |   1395 |   1313 |     82 |    225 |    907 |   2 |  697.5 |
       Dungeon |   1395 |   1313 |     82 |    225 |    907 |   2 |  697.5 |
               +--------+--------+--------+--------+--------+-----+--------+

Top non-repeatable levels by time:
     D:1: 980 daAuts
     D:2: 414 daAuts
